 Dungeon Crawl Stone Soup version 0.29.1-12-g30fa7ad0bf (webtiles) character file.

Game seed: 14317703106954902928

2856 cheesebisquit the Cleaver (level 9, -14/79 HPs)
             Began as a Minotaur Berserker on Dec 28, 2022.
             Was a Believer of Trog.
             Demolished by a two-headed ogre
             ... wielding a +0 giant spiked club
              (22 damage)
             ... on level 7 of the Dungeon.
             The game lasted 00:25:05 (6006 turns).

cheesebisquit the Cleaver (Minotaur Berserker)      Turns: 6006, Time: 00:25:05

Health: -14/79     AC: 13    Str: 26    XL:     9   Next: 46%
Magic:  8/8        EV:  9    Int:  4    God:    Trog [**....]
Gold:   249        SH:  0    Dex: 10    Spells: 8/8 levels left

rFire   . . .      SeeInvis .   F - +1 war axe
rCold   + . .      Faith    .   (no shield)
rNeg    . . .      Spirit   .   E - +0 plate armour
rPois   .          Reflect  .   (helmet restricted)
rElec   .          Harm     .   (no cloak)
rCorr   .          Rampage  .   (no gloves)
Will    ++...                   (no boots)
Stlth   ..........              A - amulet of regeneration
HPRegen 2.03/turn               f - ring of protection from cold
MPRegen 0.11/turn               (no ring)

@: strong-willed (expiring), on berserk cooldown, regenerating (expiring),
slowed, very slow
A: horns 2, retaliatory headbutt
a: Renounce Religion, Berserk, Trog's Hand


You were on level 7 of the Dungeon.
You worshipped Trog.
Trog was pleased with you.
You visited 1 branch of the dungeon, and saw 7 of its levels.

You collected 249 gold pieces.

Inventory:

Hand Weapons
 e - a +3 flail of protection
 F - a +1 war axe (weapon)
Missiles
 c - 26 poisoned darts (quivered)
Armour
 E - a +0 plate armour (worn)
Jewellery
 f - a ring of protection from cold (left hand)
 A - an amulet of regeneration (around neck)
Wands
 x - a wand of polymorph (4)
 z - a wand of flame (2)
 C - a wand of digging (5)
Scrolls
 i - a scroll of immolation {unknown}
 o - 2 scrolls of teleportation
 q - a scroll of amnesia {unknown}
 r - 3 scrolls of magic mapping
 t - a scroll of silence {unknown}
 w - a scroll of blinking {unknown}
 y - a scroll of vulnerability {unknown}
 B - 2 scrolls of butterflies {unknown}
Potions
 d - a potion of lignification
 g - 2 potions of attraction
 j - 8 potions of curing
 k - a potion of flight
 l - 2 potions of haste
 m - 3 potions of heal wounds
 u - 2 potions of magic
 v - 3 potions of mutation
 D - a potion of might {unknown}


   Skills:
 - Level 7.2 Fighting
 + Level 11.8 Axes
 - Level 6.7 Armour
 - Level 6.1 Dodging


You had 8 spell levels left.
You didn't know any spells.
Your spell library was empty.

Dungeon Overview and Level Annotations

Branches:
Dungeon (7/15)             Temple (0/1) D:4

Altars:
Fedhas
Wu Jian

Shops:
D:4 *

Annotations:
D:7 4 runed translucent doors, Crazy Yiuf


Innate Abilities, Weirdness & Mutations

You have a pair of horns on your head.
You reflexively headbutt those who attack you in melee.


Message History

The vampire mosquito is almost destroyed.
The vampire mosquito closely misses you.
You barely miss the vampire mosquito.
The vampire mosquito is almost destroyed.
The vampire mosquito bites you.
The vampire mosquito draws strength from your injuries!
You closely miss the vampire mosquito.
The vampire mosquito is severely damaged.
The vampire mosquito barely misses you. You furiously retaliate!
You headbutt the vampire mosquito. You closely miss the vampire mosquito.
You headbutt the vampire mosquito.
You destroy the vampire mosquito!
Trog accepts your kill.
You are no longer berserk.
You are exhausted.
You feel yourself slow down.
Your skin crawls.
You feel strong-willed.
The two-headed ogre hits you with a +0 giant spiked club!!
The two-headed ogre hits you but does no damage.
Unknown command.
You slash the two-headed ogre! You headbutt the two-headed ogre!
The two-headed ogre is heavily wounded.
The two-headed ogre hits you with a +0 giant spiked club!!
The two-headed ogre hits you with a +0 giant club!
* * * LOW HITPOINT WARNING * * *
You barely miss the two-headed ogre. You headbutt the two-headed ogre.
The two-headed ogre is heavily wounded.
You slash the two-headed ogre!
Your headbutt misses the two-headed ogre.
The two-headed ogre is severely wounded.
You feel the effects of Trog's Hand fading.
The two-headed ogre hits you with a +0 giant spiked club!!
* * * LOW HITPOINT WARNING * * *
The two-headed ogre barely misses you.
You hit the two-headed ogre.
Your headbutt misses the two-headed ogre.
The two-headed ogre is almost dead.
The two-headed ogre hits you with a +0 giant spiked club!!
You die...

# #......#.....#####....##.###...
# #.####.......#...####..#......[
# #.# ####...## #.......##......
# #.# ###...### #####...#####....
# #.###...###..##.......##.♣###..
###.....###.......#####..#...♣###
......### ..##...## ##.#♣....♣#
....### #)))# .#..P....
..##....#..oK.)#@# .#♣..♣..)
#...###...#.##.#O# ....P....
..#...###.. #.#C# ..♣....♣#
..###...### ..#.. .....♣### ..#
#...###..##. ##.♣###..
#.#######...#####...#########....
#.....<...#...##.#######.##...#..
#####.###......# .+oYO+. #....#<.
# #.#####....####ogg####...##..


You could see a two-headed ogre, a cyclops and an orc warrior.

Vanquished Creatures
  Pikel (D:6)
  A gargoyle (D:7)
  A vampire mosquito (D:7)
  Edmund (D:4)
  An orc warrior (D:7)
  A sky beast (D:6)
  An ice beast (D:6)
  An ogre (D:4)
  4 centaurs
  A phantom (D:5)
  A kobold brigand (D:7)
  A bullfrog (D:7)
  2 necrophages
  A gnoll sergeant (D:6)
  A scorpion (D:5)
  2 howler monkeys
  2 jellies
  3 orc priests (D:7)
  A gnoll bouda (D:7)
  A hound (D:6)
  2 iguanas
  3 orc wizards
  14 gnolls
  5 adders
  A shadow imp (D:6)
  3 white imps
  3 dart slugs
  23 orcs
  5 ball pythons
  4 endoplasms
  4 giant cockroaches
  2 goblins
  9 hobgoblins
  3 jackals (D:2)
  3 quokkas
  8 bats
  2 frilled lizards (D:2)
  10 kobolds
  8 rats
140 creatures vanquished.

Vanquished Creatures (others)
  7 plants
7 creatures vanquished.

Grand Total: 147 creatures vanquished

Notes
Turn   | Place    | Note
-------+----------+-------------------------------------------
     0 | D:1      | cheesebisquit the Minotaur Berserker began the quest for
                  | the Orb.
     0 | D:1      | Reached XP level 1. HP: 19/19 MP: 0/0
   197 | D:1      | Reached XP level 2. HP: 26/27 MP: 1/1
   399 | D:1      | Reached skill level 4 in Axes
   670 | D:2      | Found a faded altar of an unknown god.
   901 | D:2      | Reached XP level 3. HP: 33/33 MP: 2/2
   983 | D:2      | Reached ** piety under Trog
  1840 | D:3      | Reached XP level 4. HP: 39/40 MP: 3/3
  2232 | D:3      | Reached XP level 5. HP: 41/47 MP: 4/4
  2540 | D:4      | Found Ilewaix's General Store.
  2565 | D:4      | Noticed an ogre
  2569 | D:4      | Killed an ogre
  2570 | D:4      | Reached skill level 5 in Fighting
  2570 | D:4      | Reached skill level 5 in Axes
  2619 | D:4      | Noticed Edmund
  2632 | D:4      | Killed Edmund
  2633 | D:4      | Reached XP level 6. HP: 41/56 MP: 5/5
  2826 | D:4      | Found a staircase to the Ecumenical Temple.
  3287 | D:5      | Entered Level 5 of the Dungeon
  3370 | D:5      | Reached skill level 5 in Armour
  3370 | D:5      | Reached XP level 7. HP: 59/62 MP: 6/6
  3503 | D:5      | Found an ornate altar of the Wu Jian Council.
  3524 | D:5      | Reached skill level 6 in Axes
  3944 | D:5      | Found a blossoming altar of Fedhas.
  4161 | D:6      | Reached skill level 5 in Dodging
  4268 | D:6      | Identified the +2 robe of the Thirteen Visions {rCorr}
  4333 | D:6      | Noticed Pikel
  4345 | D:6      | Killed Pikel
  4346 | D:6      | Reached skill level 7 in Axes
  4346 | D:6      | Reached XP level 8. HP: 67/73 MP: 7/7
  4618 | D:6      | Reached skill level 8 in Axes
  4944 | D:6      | You fall into a shaft and drop 1 floor!
  5158 | D:7      | Reached skill level 9 in Axes
  5397 | D:7      | Reached XP level 9. HP: 66/79 MP: 8/8
  5611 | D:7      | Found a runed translucent door.
  5612 | D:7      | Noticed Crazy Yiuf
  5647 | D:7      | Found a runed translucent door.
  5650 | D:7      | Found a runed translucent door.
  5650 | D:7      | Found a runed translucent door.
  5667 | D:7      | Reached skill level 10 in Axes
  5975 | D:7      | Noticed a gargoyle
  5979 | D:7      | Killed a gargoyle
  5980 | D:7      | Reached skill level 11 in Axes
  5988 | D:7      | Noticed a cyclops
  5991 | D:7      | Noticed a two-headed ogre
  6006 | D:7      | Demolished by a two-headed ogre

Illustrated notes

Levels and vault maps discovered:
D:1:      lemuel_arrival_room, layout_basic, chequers_serial_rivers_micro_d
D:2:      layout_basic, dreamdust_ecumenical_altar_statues
D:3:      layout_basic
D:4:      layout_rooms, minmay_temple_entry_arrows, serial_shops, shop,
          ebering_dispersal_statue_hall, uniq_edmund
D:5:      layout_loops_ring, mainiacjoe_overflow_cross_hatched,
          mainiacjoe_overflow_alcove_2
D:6:      minmay_inner_zag, layout_basic, uniq_pikel
D:7:      minmay_the_grid_four_pointed_star
          [minmay_the_grid_triangle_9x9_corrupted_corridor,
          minmay_the_grid_triangle_9x9_shrine,
          minmay_the_grid_triangle_9x9_fully_insulated_deathbox,
          minmay_the_grid_triangle_9x9_descending_squares,
          minmay_the_grid_prize_inner_circle], layout_loops_ring,
          uniq_crazy_yiuf_cottage

Skill      XL: |  1  2  3  4  5  6  7  8  9 |
---------------+----------------------------+-----
Axes           | 4 5 7 9 11 | 11.8
Fighting       | 4 5 7 |  7.2
Armour         | 3 4 5 6 |  6.7
Dodging        | 3 4 6 |  6.1

Action                   |  1- 3 |  4- 6 |  7- 9 || total
-------------------------+-------+-------+-------++-------
Melee: Hand axe          |    92 |    90 |   190 ||   372
       Headbutt          |    13 |    20 |    39 ||    72
       Punch             |     1 |       |     2 ||     3
       War axe           |       |       |    24 ||    24
Invok: Trog's Hand       |     1 |     5 |     6 ||    12
       Berserk           |     1 |     5 |     6 ||    12
  Use: Scroll            |       |    10 |     3 ||    13
Armor: Animal skin       |     5 |       |       ||     5
       Chain mail        |    54 |    59 |    91 ||   204
       Plate armour      |       |       |     7 ||     7
Dodge: Dodged            |    44 |    43 |    79 ||   166
